Workbook

Sheet prilog 1
A1: ZIF CROBIH FOND d.d. Mostar
A2: Naziv investicijskog fonda | H2: Identifikacijski broj za direktne poreze
A3: Kneza Branimira 2/II, Mostar | H3: 64.30
A4: Sjedište i adresa investicionog fonda | H4: Šifra djelatnosti po KD BiH 2010
A5: DUF SME INVEST d.o.o. Mostar
A6: Naziv društva za upravljanje | H6: Šifra djelatnosti po SKD
B7: 4227003080004 | H7: 180
A8: Matični broj i JIB društva za upravljanje | H8: Šifra opštine
B9: JP-M-031-07 | G9: Raiffeisen Bank d.d. BiH
A10: Registarski broj fonda | H10: Naziv banke
G11: 1610000032050072
A12: Identifikacijski broj za indirektne poreze | H12: Broj računa
A15: IZVJEŠTAJ O FINANCIJSKOM POLOŽAJU NA KRAJU RAZDOBLJA
A16: (BILANCA STANJA)
A17: na dan 30.06.2026. godine
H18: (u BAM)
A19: Redni broj | B19: Pozicija | C19: Bilješka | D19: Oznaka za AOP | G19: Iznos tekuće godine | H19: Iznos prethodne godine (početno stanje)
A20: 1 | B20: 2 | C20: 3 | D20: 4 | G20: 5 | H20: 6
B21: IMOVINA
A22: 1. | B22: Gotovina i gotovinski ekvivalenti | D22: 0 | E22: 0 | F22: 1 | G22: 4876103 | H22: 1261538
A23: 2. | B23: Financijska imovina po fer vrijednosti kroz bilancu uspjeha (003+004) | D23: 0 | E23: 0 | F23: 2 | G23: =G24+G25 -> 20866518 | H23: 24049723
A24: 2.1. | B24: Ulaganja u instrumente kapitala | D24: 0 | E24: 0 | F24: 3 | G24: 20866518 | H24: 24049723
A25: 2.2. | B25: Ulaganja u dužničke instrumente | D25: 0 | E25: 0 | F25: 4 | G25: 0 | H25: 0
A26: 3. | B26: Financijska imovina po fer vrijednosti kroz ostali ukupni rezultat (006+007) | D26: 0 | E26: 0 | F26: 5 | G26: =G27+G28 -> 0 | H26: 0
A27: 3.1. | B27: Ulaganja u instrumente kapitala | D27: 0 | E27: 0 | F27: 6 | G27: 0 | H27: 0
A28: 3.2. | B28: Ulaganja u dužničke instrumente | D28: 0 | E28: 0 | F28: 7 | G28: 0 | H28: 0
A29: 4. | B29: Financijska imovina po amortiziranom trošku (009 do 013) | D29: 0 | E29: 0 | F29: 8 | G29: =G30+G31+G32+G33+G34 -> 800042 | H29: 993620.83
A30: 4.1. | B30: Potraživanja iz poslovanja | D30: 0 | E30: 0 | F30: 9 | G30: 0 | H30: 0
A31: 4.2. | B31: Obveznice | D31: 0 | E31: 1 | F31: 0 | G31: 500956 | H31: 501059.19
A32: 4.3. | B32: Depoziti | D32: 0 | E32: 1 | F32: 1
A33: 4.4. | B33: Obračunati, nefakturirani prihodi (ugovorna imovina) | D33: 0 | E33: 1 | F33: 2 | G33: 0 | H33: 0
A34: 4.5. | B34: Ostala financijska imovina po amortiziranom trošku | D34: 0 | E34: 1 | F34: 3 | G34: =295192+3894 -> 299086 | H34: 492561.64
A35: 5. | B35: Ulaganja u nekretnine | D35: 0 | E35: 1 | F35: 4 | G35: 0 | H35: 0
A36: 6. | B36: Akontacije poreza na dobit | D36: 0 | E36: 1 | F36: 5 | G36: 0 | H36: 0
A37: 7. | B37: Odgođena porezna imovina | D37: 0 | E37: 1 | F37: 6 | G37: 0 | H37: 0
A38: 8. | B38: Ostala imovina i potraživanja, uključujući i razgraničenja (018 do 021) | D38: 0 | E38: 1 | F38: 7 | G38: =G39+G40+G41+G42 -> 172747 | H38: 168385
A39: 8.1. | B39: Potraživanja po osnovu dividendi | D39: 0 | E39: 1 | F39: 8 | G39: 171232 | H39: 166783
A40: 8.2. | B40: Potraživanja od društva za upravljanje | D40: 0 | E40: 1 | F40: 9 | G40: 0 | H40: 0
A41: 8.3. | B41: Razgraničenja | D41: 0 | E41: 2 | F41: 0 | G41: 0 | H41: 0
A42: 8.4. | B42: Ostala imovina i potraživanja | D42: 0 | E42: 2 | F42: 1 | G42: 1515 | H42: 1602
A43: A. | B43: UKUPNO IMOVINA (001+002+005+008+014+015+016+017) | D43: 0 | E43: 2 | F43: 2 | G43: =G22+G23+G26+G29+G35+G36+G37+G38 -> 26715410 | H43: 26473267
B45: OBAVEZE
A46: 1. | B46: Financijske obaveze po fer vrijednosti kroz bilancu uspjeha | D46: 0 | E46: 2 | F46: 3 | G46: 0 | H46: 0
A47: 2. | B47: Financijske obaveze po amortiziranom trošku (025+026) | D47: 0 | E47: 2 | F47: 4 | G47: =G48+G49 -> 0 | H47: 0
A48: 2.1. | B48: Obaveze iz poslovanja | D48: 0 | E48: 2 | F48: 5 | G48: 0 | H48: 0
A49: 2.2. | B49: Ostale financijske obaveze po amortiziranom trošku | D49: 0 | E49: 2 | F49: 6 | G49: 0 | H49: 0
A50: 3. | B50: Obaveze za tekući porez na dobit | D50: 0 | E50: 2 | F50: 7 | G50: ='prilog 2'!G64 -> 0 | H50: 0
A51: 4. | B51: Odgođene porezne obaveze | D51: 0 | E51: 2 | F51: 8 | G51: 0 | H51: 0
A52: 5. | B52: Rezerviranja | D52: 0 | E52: 2 | F52: 9 | G52: 0 | H52: 0
A53: 6. | B53: Ostale obaveze, uključujući i razgraničenja (031 do 035) | D53: 0 | E53: 3 | F53: 0 | G53: =G54+G55+G56+G57+G58 -> 126945 | H53: 127172
A54: 6.1. | B54: Obaveze za dividende | D54: 0 | E54: 3 | F54: 1 | G54: 0 | H54: 0
A55: 6.2. | B55: Obaveze prema društvu za upravljanje | D55: 0 | E55: 3 | F55: 2 | G55: 58137 | H55: 59134
A56: 6.3. | B56: Obaveze prema banci depozitaru | D56: 0 | E56: 3 | F56: 3 | G56: 3355 | H56: 3111
A57: 6.4. | B57: Razgraničenja | D57: 0 | E57: 3 | F57: 4 | G57: =54436+2428 -> 56864 | H57: 58927
A58: 6.5. | B58: Ostale obaveze | D58: 0 | E58: 3 | F58: 5 | G58: =7649+940 -> 8589 | H58: 6000
A59: B. | B59: UKUPNO OBAVEZE (023+024+027+028+029+030) | D59: 0 | E59: 3 | F59: 6 | G59: =G46+G47+G50+G51+G52+G53 -> 126945 | H59: 127172
B61: NETO IMOVINA
A62: 1. | B62: Vlasnički kapital (038+039) | D62: 0 | E62: 3 | F62: 7 | G62: =G63+G64 -> 79390428 | H62: 79390428
A63: 1.1. | B63: Dionički kapital | D63: 0 | E63: 3 | F63: 8 | G63: 79390428 | H63: 79390428
A64: 1.2. | B64: Udjeli | D64: 0 | E64: 3 | F64: 9 | G64: 0 | H64: 0
A65: 2. | B65: Dionička premija | D65: 0 | E65: 4 | F65: 0 | G65: 2797063 | H65: 2797063
A66: 3. | B66: Rezerve (042+043) | D66: 0 | E66: 4 | F66: 1 | G66: =G67+G68 -> 1489986 | H66: 1489986
A67: 3.1. | B67: Statutarne rezerve | D67: 0 | E67: 4 | F67: 2 | G67: 0 | H67: 0
A68: 3.2. | B68: Ostale rezerve | D68: 0 | E68: 4 | F68: 3 | G68: 1489986 | H68: 1489986
A69: 4. | B69: Revalorizacijske rezerve (045 do 047) | D69: 0 | E69: 4 | F69: 4 | G69: =G70+G71+G72 -> 0 | H69: 0
A70: 4.1. | B70: Revalorizacijske rezerve za financijsku imovinu mjerenu po fer vrijednosti kroz ostali ukupni rezultat | D70: 0 | E70: 4 | F70: 5 | G70: 0 | H70: 0
A71: 4.2. | B71: Revalorizacijske rezerve za instrumente zaštite | D71: 0 | E71: 4 | F71: 6 | G71: 0 | H71: 0
A72: 4.3. | B72: Ostale revalorizacijske rezerve | D72: 0 | E72: 4 | F72: 7 | G72: 0 | H72: 0
A73: 5. | B73: Dobit (049+050) | D73: 0 | E73: 4 | F73: 8 | G73: =G74+G75 -> 9753434 | H73: 9511064
A74: 5.1. | B74: Akumulirana, neraspoređena dobit iz prethodnih razdoblja | D74: 0 | E74: 4 | F74: 9 | G74: =H73 -> 9511064 | H74: 9507308
A75: 5.2. | B75: Dobit tekućeg perioda | D75: 0 | E75: 5 | F75: 0 | G75: ='prilog 2'!G67 -> 242370 | H75: 3756
A76: 6. | B76: Gubitak (052+053) | D76: 0 | E76: 5 | F76: 1 | G76: =G77 -> 66842446 | H76: 66842446
A77: 6.1. | B77: Akumulirani, nepokriveni gubici iz prethodnih razdoblja | D77: 0 | E77: 5 | F77: 2 | G77: =H76 -> 66842446 | H77: 66842446
A78: 6.2. | B78: Gubitak tekućeg perioda | D78: 0 | E78: 5 | F78: 3 | G78: ='prilog 2'!G68*-1 -> 0 | H78: 0
A79: C. | B79: UKUPNO NETO IMOVINA (037+040+041+044+048-051) | D79: 0 | E79: 5 | F79: 4 | G79: =G62+G65+G66+G69+G73-G76 -> 26588465 | H79: 26346095
A81: D. | B81: BROJ EMITIRANIH DIONICA/UDJELA | D81: 0 | E81: 5 | F81: 5 | G81: 3053478 | H81: 3053478
A83: E. | B83: NETO IMOVINA PO DIONICI/UDJELU (054/055) | D83: 0 | E83: 5 | F83: 6 | G83: =G79/G81 -> 8.7076 | H83: 8.6282249
A85: F. | B85: VANBILANSNA EVIDENCIJA | D85: 0 | E85: 5 | F85: 7 | G85: 0 | H85: 0
A86: 1. | B86: Vanbilansna aktiva | D86: 0 | E86: 5 | F86: 8 | G86: 1115506 | H86: 1115506
A87: 2. | B87: Vanbilansna pasiva | D87: 0 | E87: 5 | F87: 9 | G87: 1115506 | H87: 1115506
B89: U ______________ Certificirani računovođa ____________________________ | G89: M.P. | H89: Zakonski zastupnik društva za upravljanje
B90: Dana____________ Broj licence:____________________

Sheet prilog 2
A1: ='prilog 1'!A1 -> ZIF CROBIH FOND d.d. Mostar
A2: Naziv investicijskog fonda | H2: Identifikacijski broj za direktne poreze
A3: Kneza Branimira 2/II, Mostar | H3: 64.30
A4: Sjedište i adresa investicionog fonda | H4: Šifra djelatnosti po KD BiH 2010
A5: DUF SME INVEST d.o.o. Mostar
A6: Naziv društva za upravljanje | H6: Šifra djelatnosti po SKD
B7: 4227003080004 | H7: 180
A8: Matični broj i JIB društva za upravljanje | H8: Šifra općine
B9: JP-M-031-07 | G9: Raiffeisen Bank d.d. BiH
A10: Registarski broj fonda | H10: Naziv banke
G11: 1610000032050072
A12: Identifikacijski broj za indirektne poreze | H12: Broj računa
A15: IZVJEŠTAJ O UKUPNOM REZULTATU ZA RAZDOBLJE
A16: (BILANCA USPJEHA)
A17: za razdoblje od 01.01. do 30.06.2026. godine
H18: (u BAM)
A19: Redni broj | B19: Pozicija | C19: Bilješka | D19: Oznaka za AOP | G19: 01.01. do 30.06. tekuće godine | H19: 01.01. do 30.06. prethodne godine
A20: 1 | B20: 2 | C20: 3 | D20: 4 | G20: 5 | H20: 6
B21: BILANCA USPJEHA
A22: A. | B22: Prihodi (202+206+207+212+216+217) | D22: 2 | E22: 0 | F22: 1 | G22: =G23+G27+G28+G33+G37+G38 -> 710085 | H22: 2323021
A23: 1. | B23: Prihodi od kamata (203 do 205) | D23: 2 | E23: 0 | F23: 2 | G23: =G24+G25+G26 -> 27346 | H23: 20583
A24: 1.1. | B24: Prihodi od kamata od financijske imovine po amortiziranom trošku | D24: 2 | E24: 0 | F24: 3 | G24: =11332+16014 -> 27346 | H24: 20583
A25: 1.2. | B25: Prihodi od kamata od financijske imovine po fer vrijednosti kroz ostali ukupni rezultat | D25: 2 | E25: 0 | F25: 4 | G25: 0 | H25: 0
A26: 1.3. | B26: Prihodi od kamata od financijske imovine po fer vrijednosti kroz bilancu uspjeha | D26: 2 | E26: 0 | F26: 5 | G26: 0 | H26: 0
A27: 2. | B27: Prihodi od dividendi | D27: 2 | E27: 0 | F27: 6 | G27: 171232 | H27: 13562
A28: 3. | B28: Realizirani neto dobici od prodaje ulaganja (208 do 211) | D28: 2 | E28: 0 | F28: 7 | G28: =G29+G30+G31+G32 -> 0 | H28: 0
A29: 3.1. | B29: Neto dobici od prodaje financijske imovine po amortiziranom trošku | D29: 2 | E29: 0 | F29: 8 | G29: 0 | H29: 0
A30: 3.2. | B30: Neto dobici od prodaje financijske imovine po fer vrijednosti kroz ostali ukupni rezultat | D30: 2 | E30: 0 | F30: 9 | G30: 0 | H30: 0
A31: 3.3. | B31: Neto dobici od prodaje financijske imovine po fer vrijednosti kroz bilancu uspjeha | D31: 2 | E31: 1 | F31: 0 | H31: 0
A32: 3.4. | B32: Neto dobici od prodaje nekretnina | D32: 2 | E32: 1 | F32: 1 | G32: 0 | H32: 0
A33: 4. | B33: Nerealizirani neto dobici po osnovu promjene fer vrijednosti (213 do 215) | D33: 2 | E33: 1 | F33: 2 | G33: =G34 -> 511507 | H33: 2288876
A34: 4.1. | B34: Neto dobici od financijske imovine po fer vrijednosti kroz bilancu uspjeha | D34: 2 | E34: 1 | F34: 3 | G34: =1952100-1440593 -> 511507 | H34: 2288876
A35: 4.2. | B35: Neto dobici od financijskih obaveza po fer vrijednosti kroz bilancu uspjeha | D35: 2 | E35: 1 | F35: 4 | G35: 0 | H35: 0
A36: 4.3. | B36: Neto dobici od ulaganja u nekretnine koje se vode po fer vrijednosti | D36: 2 | E36: 1 | F36: 5 | G36: 0 | H36: 0
A37: 5. | B37: Neto pozitivne kursne razlike | D37: 2 | E37: 1 | F37: 6 | G37: 0 | H37: 0
A38: 6. | B38: Ostali prihodi i dobici | D38: 2 | E38: 1 | F38: 7 | H38: 0
A40: B. | B40: Rashodi (219+220+221+222+223+224+225+230+234+235+236) | D40: 2 | E40: 1 | F40: 8 | G40: =G41+G42+G43+G44+G45+G46+G47+G52+G57+G58 -> 467715 | H40: 463806
A41: 1. | B41: Naknada društvu za upravljanje | D41: 2 | E41: 1 | F41: 9 | G41: =272262+54436 -> 326698 | H41: 343544
A42: 2. | B42: Transakcijski troškovi pri kupovini i prodaji ulaganja | D42: 2 | E42: 2 | F42: 0 | G42: 16470 | H42: 8734
A43: 3. | B43: Ulazne i izlazne naknade | D43: 2 | E43: 2 | F43: 1 | G43: 0 | H43: 0
A44: 4. | B44: Naknada banci depozitaru | D44: 2 | E44: 2 | F44: 2 | G44: 18957 | H44: 10502
A45: 5. | B45: Naknade članovima nadzornog odbora i direktoru | D45: 2 | E45: 2 | F45: 3 | G45: 44390 | H45: 45783.5
A46: 6. | B46: Naknade Registru vrijednosnih papira u FBiH i Komisiji za vrijednosne papire FBiH | D46: 2 | E46: 2 | F46: 4 | G46: =5996+12080+2428 -> 20504 | H46: 21135
A47: 7. | B47: Realizirani neto gubici od prodaje ulaganja (226 do 229) | D47: 2 | E47: 2 | F47: 5 | G47: =G48+G49+G50+G51 -> 4924 | H47: 0
A48: 7.1. | B48: Neto gubici od prodaje financijske imovine po amortiziranom trošku | D48: 2 | E48: 2 | F48: 6 | G48: 0 | H48: 0
A49: 7.2. | B49: Neto gubici od prodaje financijske imovine po fer vrijednosti kroz ostali ukupni rezultat | D49: 2 | E49: 2 | F49: 7 | G49: 0 | H49: 0
A50: 7.3. | B50: Neto gubici od prodaje financijske imovine po fer vrijednosti kroz bilancu uspjeha | D50: 2 | E50: 2 | F50: 8 | G50: =41278-36354 -> 4924 | H50: 0
A51: 7.4. | B51: Neto gubici od prodaje nekretnina | D51: 2 | E51: 2 | F51: 9 | G51: 0 | H51: 0
A52: 8. | B52: Nerealzirani neto gubici po osnovu promjene fer vrijednosti (231 do 233) | D52: 2 | E52: 3 | F52: 0 | G52: =G53+G54+G55 -> 0 | H52: 0
A53: 8.1. | B53: Neto gubici od financijske imovine po fer vrijednosti kroz bilancu uspjeha | D53: 2 | E53: 3 | F53: 1 | H53: 0
A54: 8.2. | B54: Neto gubici od financijskih obaveza po fer vrijednosti kroz bilancu uspjeha | D54: 2 | E54: 3 | F54: 2 | H54: 0
A55: 8.3. | B55: Neto gubici od ulaganja u nekretnine koje se vode po fer vrijednosti | D55: 2 | E55: 3 | F55: 3 | G55: 0 | H55: 0
A56: 9. | B56: Financijski rashodi | D56: 2 | E56: 3 | F56: 4 | G56: 0 | H56: 0
A57: 10. | B57: Neto negativne kursne razlike | D57: 2 | E57: 3 | F57: 5 | G57: 0
A58: 11. | B58: Ostali rashodi i gubici | D58: 2 | E58: 3 | F58: 6 | G58: 35772 | H58: 34107.5
A60: C. | B60: Dobit prije oporezivanja (201-218) | D60: 2 | E60: 3 | F60: 7 | G60: =G22-G40 -> 242370 | H60: 1859215
A61: D. | B61: Gubitak prije oporezivanja (218-201) | D61: 2 | E61: 3 | F61: 8
A63: E. | B63: Porez na dobit (240+241) | D63: 2 | E63: 3 | F63: 9 | G63: =G64 -> 0 | H63: 0
A64: 1. | B64: Tekući porez na dobit | D64: 2 | E64: 4 | F64: 0 | H64: 0
A65: 2. | B65: Odgođeni porez na dobit | D65: 2 | E65: 4 | F65: 1 | G65: 0 | H65: 0
A67: F. | B67: Dobit (237+239) | D67: 2 | E67: 4 | F67: 2 | G67: =G60-G63 -> 242370 | H67: 1859215
A68: G. | B68: Gubitak (238+239) | D68: 2 | E68: 4 | F68: 3 | G68: =G61 -> 0 | H68: 0
B70: IZVJEŠTAJ O OSTALOM UKUPNOM REZULTATU
A71: H. | B71: Ostali ukupni rezultat (+245+250) | D71: 2 | E71: 4 | F71: 4
A72: 1. | B72: Stavke koje mogu biti reklasificirane u bilancu uspjeha (+246+247+248-249) | D72: 2 | E72: 4 | F72: 5 | G72: =G73+G74+G75+G76 -> 0 | H72: 0
A73: 1.1. | B73: Povećanje/(smanjenje) fer vrijednosti dužničkih instrumenata po fer vrijednosti kroz ostali ukupni rezultat | D73: 2 | E73: 4 | F73: 6 | G73: 0 | H73: 0
A74: 1.2. | B74: Efekti proistekli iz transakcija zaštite ("hedging") | D74: 2 | E74: 4 | F74: 7 | G74: 0 | H74: 0
A75: 1.3. | B75: Ostale stavke koje mogu biti reklasifiicirane u bilancu uspjeha | D75: 2 | E75: 4 | F75: 8 | G75: 0 | H75: 0
A76: 1.4. | B76: Porez na dobit koji se odnosi na ove stavke | D76: 2 | E76: 4 | F76: 9 | G76: 0 | H76: 0
A77: 2. | B77: Stavke koje neće biti reklasifiicirane u bilancu uspjeha (+251+252-253) | D77: 2 | E77: 5 | F77: 0 | G77: 0 | H77: 0
A78: 2.1. | B78: Povećanje/(smanjenje) fer vrijednosti instrumenata kapitala po fer vrijednosti kroz ostali ukupni rezultat | D78: 2 | E78: 5 | F78: 1 | G78: 0 | H78: 0
A79: 2.2. | B79: Ostale stavke koje neće biti reklasifiicirane u bilancu uspjeha | D79: 2 | E79: 5 | F79: 2 | G79: 0 | H79: 0
A80: 2.3. | B80: Porez na dobit koji se odnosi na ove stavke | D80: 2 | E80: 5 | F80: 3 | G80: 0 | H80: 0
B82: POVEĆANJE / (SMANJENJE) NETO IMOVINE
A83: I. | B83: Povećanje neto imovine fonda (242 ili 243 + 244) | D83: 2 | E83: 5 | F83: 4 | G83: =G67 -> 242370 | H83: 1859215
A84: J. | B84: Smanjenje neto imovine fonda (242 ili 243 + 244) | D84: 2 | E84: 5 | F84: 5 | G84: =G68 -> 0 | H84: 0
A86: K. | B86: Zarada po dionici
B87: a) Osnovna zarada po dionici | D87: 2 | E87: 5 | F87: 6 | G87: =G84/'prilog 1'!G81 -> 0 | H87: 0.60888436
B88: b) Razrijeđena zarada po dionici | D88: 2 | E88: 5 | F88: 7
B92: U ______________ Certificirani računovođa______________________ | G92: M.P. | H92: Zakonski zastupnik društva za upravljanje
B93: Dana____________ Broj licence:____________________

Sheet prilog 3
A1: ZIF CROBIH FOND d.d. Mostar
A2: Naziv investicijskog fonda | F2: Identifikacijski broj za direktne poreze
A3: Kneza Branimira 2/II, Mostar | F3: 64.30
A4: Sjedište i adresa investicijskog fonda | F4: Šifra djelatnosti po KD BiH 2010
A5: DUF SME INVEST d.o.o. Mostar
A6: Naziv društva za upravljanje | F6: Šifra djelatnosti po SKD
A7: 4227003080004 | F7: 180
A8: Matični broj i JIB društva za upravljanje | F8: Šifra opštine
A9: JP-M-031-07 | E9: Raiffeisen Bank d.d. BiH
A10: Registarski broj fonda | F10: Naziv banke
E11: 1610000032050072
A12: Identifikacijski broj za indirektne poreze | F12: Broj računa
A15: IZVJEŠTAJ O PROMJENAMA NETO IMOVINE INVESTICIJSKOG FONDA
A17: za razdoblje završeno na dan 30.06.2026. godine
F18: (u BAM)
A19: Pozicija | B19: Oznaka za AOP | E19: Tekuća godina | F19: Prethodna godina
A20: 1 | B20: 2 | E20: 3 | F20: 4
A22: 1. Stanje na dan 31.12. prethodnog obračunskog razdoblja | B22: 3 | C22: 0 | D22: 1 | E22: ='prilog 1'!H79 -> 26346095 | F22: 26342339
A24: 2. Efekti retroaktivne primjene promjene računovodstvenih politika | B24: 3 | C24: 0 | D24: 2 | E24: 0 | F24: 0
A25: 3. Efekti retroaktivnog prepravljanja iznosa priznatih u skladu sa MRS 8 | B25: 3 | C25: 0 | D25: 3 | E25: 0 | F25: 0
A26: 4. Ponovo iskazano stanje na dan 01.01. tekućeg obračunskog razdoblja (301±302±303) | B26: 3 | C26: 0 | D26: 4 | E26: =E22+E24 -> 26346095 | F26: 26342339
A28: 5. Dobit/(gubitak) za razdoblje | B28: 3 | C28: 0 | D28: 5 | E28: ='prilog 2'!G68 -> 0 | F28: 0
A29: 6. Ostali ukupni rezultat za razdoblje | B29: 3 | C29: 0 | D29: 6 | E29: ='prilog 1'!G75 -> 242370 | F29: 3756
A30: 7. Ukupni rezultat (+305+306) | B30: 3 | C30: 0 | D30: 7 | E30: =E28+E29 -> 242370 | F30: 3756
A32: 8. Povećanje po osnovu izdatih udjela/dionica | B32: 3 | C32: 0 | D32: 8 | E32: 0 | F32: 0
A33: 9. Smanjenje po osnovu povlačenja udjela/dionica | B33: 3 | C33: 0 | D33: 9 | E33: 0 | F33: 0
A34: 10. Ostale promjene | B34: 3 | C34: 1 | D34: 0 | E34: 0 | F34: 0
A36: 11. Stanje na dan 31.03. tekućeg obračunskog razdoblja (304±307+308-309±310) | B36: 3 | C36: 1 | D36: 1 | E36: =E26+E30+E32-E33+E34 -> 26588465 | F36: 26346095
A38: Broj udjela/dionica fonda u razdoblju
A39: 12. Broj udjela/dionica fonda na početku razdoblja | B39: 3 | C39: 1 | D39: 2 | E39: 3053478 | F39: 3053478
A40: 13. Izdati udjeli/dionice u toku razdoblja | B40: 3 | C40: 1 | D40: 3 | E40: 0 | F40: 0
A41: 14. Povučeni udjeli/dionice u toku razdoblja | B41: 3 | C41: 1 | D41: 4 | E41: 0 | F41: 0
A42: 15. Broj udjela/dionica fonda na kraju razdoblja | B42: 3 | C42: 1 | D42: 5 | E42: 3053478 | F42: 3053478
A46: U ______________ Certificirani računovođa_______________ | E46: M.P. | F46: Zakonski zastupnik društva za upravljanje
A47: Dana____________ Broj licence:_____________

Sheet prilog 4
A1: ZIF CROBIH FOND d.d. Mostar
A2: Naziv investicijskog fonda | I2: Identifikacijski broj za direktne poreze
A3: Kneza Branimira 2/II, Mostar | I3: 64.30
A4: Sjedište i adresa investicijskog fonda | I4: Šifra djelatnosti po KD BiH 2010
A5: DUF SME INVEST d.o.o. Mostar
A6: Naziv društva za upravljanje | I6: Šifra djelatnosti po SKD
B7: 4227003080004 | I7: 180
A8: Matični broj i JIB društva za upravljanje | I8: Šifra opštine
B9: JP-M-031-07 | H9: Raiffeisen Bank d.d. BiH
A10: Registarski broj fonda | I10: Naziv banke
H11: 1610000032050072
A12: Identifikacijski broj za indirektne poreze | I12: Broj računa
A15: IZVJEŠTAJ O TOKOVIMA GOTOVINE
A16: (IZVJEŠTAJ O GOTOVINSKIM TOKOVIMA)
A17: za razdoblje od 01.01. do 30.06.2026. godine
I20: (u BAM)
A21: Redni broj | B21: Pozicija | C21: Bilješka | D21: Oznaka ( + ) / ( - ) | E21: Oznaka za AOP | H21: 01.01. do 30.06. tekuće godine | I21: 01.01. do 30.06. prethodne godine
A22: 1 | B22: 2 | C22: 3 | D22: 4 | E22: 5 | H22: 6 | I22: 7
A25: 1. | B25: GOTOVINSKI TOKOVI IZ POSLOVNIH AKTIVNOSTI
A26: 1.1. | B26: Prilivi od kamata | D26: ( + ) | E26: 4 | F26: 0 | G26: 1 | H26: 16206 | I26: 10139
A27: 1.2. | B27: Prilivi od dividendi | D27: ( + ) | E27: 4 | F27: 0 | G27: 2 | H27: 166783 | I27: 85483
A28: 1.3. | B28: Odlivi po osnovu ulaganja u financijsku imovinu po fer vrijednosti kroz bilancu uspjeha | D28: ( - ) | E28: 4 | F28: 0 | G28: 3 | H28: -576177 | I28: -1670099
A29: 1.4. | B29: Prilivi od prodaje financijske imovine po fer vrijednosti kroz bilancu uspjeha | D29: ( + ) | E29: 4 | F29: 0 | G29: 4 | H29: 4265965
A30: 1.5. | B30: Odlivi po osnovu ulaganja u financijsku imovinu po fer vrijednosti kroz ostali ukupni rezultat | D30: ( - ) | E30: 4 | F30: 0 | G30: 5 | I30: 0
A31: 1.6. | B31: Prilivi od prodaje financijske imovine po fer vrijednosti kroz ostali ukupni rezultat | D31: ( + ) | E31: 4 | F31: 0 | G31: 6 | I31: 0
A32: 1.7. | B32: Odlivi po osnovu ulaganja u financijsku imovinu po amortiziranom trošku | D32: ( - ) | E32: 4 | F32: 0 | G32: 7 | H32: -295192 | I32: -294699
A33: 1.8. | B33: Prilivi od prodaje financijske imovine po amortiziranom trošku | D33: ( + ) | E33: 4 | F33: 0 | G33: 8 | H33: 500000 | I33: 1000000
A34: 1.9. | B34: Odlivi po osnovu ulaganja u nekretnine | D34: ( - ) | E34: 4 | F34: 0 | G34: 9 | I34: 0
A35: 1.10. | B35: Prilivi od prodaje nekretnina | D35: ( + ) | E35: 4 | F35: 1 | G35: 0 | I35: 0
A36: 1.11. | B36: Odlivi po osnovu plaćenih naknada društvu za upravljanje | D36: ( - ) | E36: 4 | F36: 1 | G36: 1 | H36: -341175 | I36: -405554
A37: 1.12. | B37: Odlivi po osnovu plaćenih transakcijskih troškova pri kupovini i prodaji ulaganja | D37: ( - ) | E37: 4 | F37: 1 | G37: 2 | H37: -16470 | I37: -8734
A38: 1.13. | B38: Odlivi po osnovu plaćenih naknada Registru vrijednosnih papira FBiH i Komisiji za vrijednosne papire FBiH | D38: ( - ) | E38: 4 | F38: 1 | G38: 3 | H38: -20516 | I38: -20981
A39: 1.14. | B39: Odlivi po osnovu plaćenih naknada depozitaru | D39: ( - ) | E39: 4 | F39: 1 | G39: 4 | H39: -18713 | I39: -9410
A40: 1.15. | B40: Odlivi po osnovu plaćenih naknada burzi | D40: ( - ) | E40: 4 | F40: 1 | G40: 5 | H40: -11400 | I40: -11400
A41: 1.16. | B41: Odlivi po osnovu plaćenih naknada članovima Nadzornog odbora i direktoru fonda | D41: ( - ) | E41: 4 | F41: 1 | G41: 6 | H41: -41810 | I41: -45703.5
A42: 1.17. | B42: Odlivi po osnovu plaćenog poreza na dobit | D42: ( - ) | E42: 4 | F42: 1 | G42: 7 | I42: 0
A43: 1.18. | B43: Ostali prilivi iz poslovnih aktivnosti | D43: ( + ) | E43: 4 | F43: 1 | G43: 8 | I43: 0
A44: 1.19. | B44: Ostali odlivi iz poslovnih aktivnosti | D44: ( - ) | E44: 4 | F44: 1 | G44: 9 | H44: -12936 | I44: -11291.5
A45: A. | B45: Neto gotovinski tok koji je generiran/(korišten) u poslovnim aktivnostima (401 do 419) | D45: ( + ) ( - ) | E45: 4 | F45: 2 | G45: 0 | H45: =SUM(H26:H44) -> 3614565 | I45: -1382250
A47: 2. | B47: GOTOVINSKI TOKOVI IZ FINANCIJSKIH AKTIVNOSTI
A48: 2.1. | B48: Prilivi po osnovu izdatih udjela/dionica Fonda | D48: ( + ) | E48: 4 | F48: 2 | G48: 1 | H48: 0 | I48: 0
A49: 2.2. | B49: Odlivi po osnovu povlačenja udjela/dionica Fonda | D49: ( - ) | E49: 4 | F49: 2 | G49: 2 | H49: 0 | I49: 0
A50: 2.3. | B50: Sticanje vlastitih dionica | D50: ( - ) | E50: 4 | F50: 2 | G50: 3 | H50: 0 | I50: 0
A51: 2.4. | B51: Odlivi po osnovu isplaćenih dividendi | D51: ( - ) | E51: 4 | F51: 2 | G51: 4 | H51: 0 | I51: 0
A52: 2.5. | B52: Ostali prilivi iz financijskih aktivnosti | D52: ( + ) | E52: 4 | F52: 2 | G52: 5 | H52: 0 | I52: 0
A53: 2.6. | B53: Ostali odlivi iz financijskih aktivnosti | D53: ( - ) | E53: 4 | F53: 2 | G53: 6 | H53: 0 | I53: 0
A54: B. | B54: Neto gotovinski tok koji je generiran/(korišten) u financijskim aktivnostima (421 do 426) | D54: ( + ) ( - ) | E54: 4 | F54: 2 | G54: 7 | H54: =SUM(H48:H53) -> 0 | I54: 0
A56: C. | B56: NETO POVEĆANJE / (SMANJENJE) GOTOVINE I GOTOVINSKIH EKVIVALENATA (A+B) | D56: ( + ) ( - ) | E56: 4 | F56: 2 | G56: 8 | H56: =H45+H54 -> 3614565 | I56: -1382250
A58: D. | B58: GOTOVINA I GOTOVINSKI EKVIVALENTI NA POČETKU RAZDOBLJA | D58: ( + ) ( - ) | E58: 4 | F58: 2 | G58: 9 | H58: 1261538 | I58: 2666636
A59: E. | B59: EFEKTI PROMJENE DEVIZNIH KURSEVA GOTOVINE I GOTOVINSKIH EKVIVALENATA | D59: ( + ) ( - ) | E59: 4 | F59: 3 | G59: 0
A60: F. | B60: GOTOVINA I GOTOVINSKI EKVIVALENTI NA KRAJU RAZDOBLJA (C+D+E) | D60: ( + ) ( - ) | E60: 4 | F60: 3 | G60: 1 | H60: =H56+H58 -> 4876103 | I60: 1284386
B64: U ______________ Certificirani računovođa_______________ | H64: M.P. | I64: Zakonski zastupnik društva za upravljanje
B65: Dana____________ Broj licence:______________

Sheet Bilješke 
A1: Bilješke sukladno članku 12. Pravilnika o sadržaju i formi financijskih izvještaja za investicijske fondove ("Sl. novine Federacije BiH", br. 81/21) sadrže dopunske informacije (tekstualni opis ili raščlanjivanje) za materijalno značajne stavke prezentirane u Izvještaju o financijskom položaju na kraju razdoblja, Izvještaju o ukupnom rezultatu za razdoblje, Izvještaju o promjenama neto imovine i Izvještaju o tokovima gotovine
A6: SKRAĆENE ZABILJEŠKE UZ FINANCIJSKO IZVJEŠĆE ZIF CROBIH FOND d.d. Mostar za razdoblje 01.01. - 30.06.2026. godine
A8: a) Gotovina i ekvivalenti gotovine Ukupan iznos gotovinskih sredstava na dan 30.06.2026. godine iznosi 4.876.103 KM koja se nalaze na transakcijskom i skrbničkom računu kod Raiffeisen Bank d.d. BiH. b) Ulaganja ZIF CROBIH FOND d.d. Mostar na dan 30.06.2026. u portfelju ima ulaganja u 32 vrijednosna papira ukupne fer vrijednosti 21.666.560 KM,30 vrijednosnih papira klasificiranih u kategoriju financijska imovina po fer vrijednosti kroz račun dobiti i gubitka i 2 vrijednosna papira klasificirana u kategoriju financijska imovina po amortiziranom trošku. U razdoblju 01.01.-30.06.2026. godine realizirane su dvije kupovne transakcije i dvije prodajne transakcije te dospijeće trezorskih zapisa.
A9: c) Potraživanja i obveze Na dan 30.06.2026. godine potraživanja Fonda iznose 172.746 KM, dok obveze iznose 70.081 KM. d) Kapital, dionička premija Ukupno nominalni iznos dioničkog kapitala iznosi 79.390.428 KM. Ukupan broj emitiranih dionica 3.053.478 Nominalna vrijednost dionice 26,00 KM. Neto vrijednost imovine na dan 30.06.2026. iznosi: 26.588.465 KM (uračunata UP i nadzor za 06/26-razgraničenja u BS), dok ukupan iznos imovine iznosi 26.175.410 KM. e) Poslovni prihodi, realizirana i nerealizirana dobit U ovom razdoblju u Fondu je evidentiran prihod od dividende u iznosu 171.232 KM, realizirani prihod od prodaje 36.354 KM i nerealizirani prihodi u iznosu od 1.952.100.
A10: f) Poslovni rashodi Ukupni troškovi razdoblja iznose 462.792 KM i u najvećoj mjeri ih čine troškovi upravljačke provizije (70,59%). g) Povećanje/smanjenje neto imovine U odnosu na 31.12.2025. godine zabilježeno je povećanje neto imovine u iznosu od 242.370.
A11: h) Informacije o transakcijama sa povezanim osobama Prema Zakonu o investicijskim fondovima povezane osobama fonda su: • društvo za upravljanje, • banka depozitar, • odvjetnik odnosno odvjetničko društvo, odvjetnički ured ili zajednički odvjetnički ured, • revizor i osobe koje obavljaju poslove poreznog savjetovanja koje se nalaze u ugovornom odnosu temeljem pružanja usluga fondu, • kao i svaka druga osoba koja je u prethodne dvije kalendarske godine sklopila ugovor o pružanju usluga za potrebe fonda Tijekom proteklog razdoblja nije bilo nikakvih poslovnih odnosa, zaključenih ugovora o kreditu (uključujući pozajmice), izdanih garancija ili osiguranja s članovima Uprave Društva i Fonda niti s osobama koje su povezane s Fondom. Sve obavljene transakcije obavljene su na temelju važećih ugovora (Ugovor o upravljanju, ugovori sa upravom, NO i odobrom za reviziju, brokerskimm i depozitarskim ugovorom i sl.). Znatno učešće u ukupnom broju dionica s pravom glasa imaju: • ZIF Herbos Fond d.d. Tuzla 21,89 % • Hrkač Roland 8,87 % • ZIF PROF PLUS d.d. Sarajevo 8,06% • BALKAN INVESTMENT OPPORTUNITY FUND 5,46% i • Raiffeisen bank d.d. (skrbnički račun) 5,38%. Rješenjem KVPFBiH br. 05/1-19-291/16 od 11.8.2016. za fizičke i pravne osobe Roland Hrkač, Balkan Investment Opportunity Fund i ZIF Herbos Fond d.d. Tuzla utvrđena je povezanost kroz vlasničke i upravljačke odnose, te odnose zajedničkog djelovanja.
